 Dungeon Crawl Stone Soup version 0.20-a0-526-g753eaab (webtiles) character file.

66 dvd the Grave Robber (level 3, -4/24 HPs)
             Began as a Demonspawn Necromancer on Jan 27, 2017.
             Killed from afar by an orc wizard (10 damage)
             ... with a magic dart
             ... on level 3 of the Dungeon.
             The game lasted 00:03:36 (1683 turns).

dvd the Grave Robber (Demonspawn Necromancer)       Turns: 1683, Time: 00:03:37

Health: -4/24      AC:  3    Str:  8    XL:     3   Next: 96%
Magic:  4/7        EV: 12    Int: 17    God:
Gold:   175        SH:  0    Dex: 13    Spells: 0/7 levels left

rFire    . . .     SeeInvis .   e - +0 hand axe
rCold    . . .     Gourm    .   a - +0 robe
rNeg     . . .     Faith    .   (no shield)
rPois    .         Spirit   .   (no helmet)
rElec    .         Reflect  .   (no cloak)
rCorr    .         Harm     .   (no gloves)
MR       .....                  d - +0 pair of boots
Stlth    ++........             (no amulet)
Regen    0.1/turn               (no ring)
                                (no ring)

@: no status effects
A: claws 1, demonic guardian 1
a: no special abilities


You were on level 3 of the Dungeon.
You were not hungry.

You visited 1 branch of the dungeon, and saw 3 of its levels.

You collected 175 gold pieces.

Inventory:

Hand Weapons
 e - a +0 hand axe (weapon)
Armour
 a - a +0 robe (worn)
 d - a +0 pair of boots (worn)
Scrolls
 f - 2 scrolls of enchant weapon {unknown}
 g - a scroll of identify {unknown}
 h - 2 scrolls of enchant armour {unknown}
 m - a scroll of remove curse {unknown}
Potions
 j - 2 potions of curing {unknown}
Books
 b - a book of Necromancy

   Spells                             Type                      Level
   a - Pain                           Necromancy                   1
   b - Animate Skeleton               Necromancy                   1
   c - Vampiric Draining              Necromancy                   3
   d - Regeneration                   Charms/Necromancy            3
   e - Animate Dead                   Necromancy                   4
   f - Control Undead                 Necromancy                   4
Comestibles
 c - a bread ration
 i - 2 fruits
 k - a meat ration
 l - 3 chunks of flesh


   Skills:
 + Level 0.1 Axes
 + Level 1.9 Dodging
 + Level 1.9 Stealth
 + Level 2.7 Spellcasting
 + Level 5.4 Necromancy


You couldn't memorise any spells.
You knew the following spells:

 Your Spells              Type           Power        Failure   Level  Hunger
a - Pain                  Necr           ###.         1%          1    #......
b - Vampiric Draining     Necr           ###.......   8%          3    ###....
c - Regeneration          Chrm/Necr      ##........   21%         3    ###....


Dungeon Overview and Level Annotations

Branches:
Dungeon (3/15)

Altars:
Nemelex Xobeh


Innate Abilities, Weirdness & Mutations

You have sharp fingernails.
A weak demonic guardian rushes to your aid.


Message History

Confirm with . or Enter, or press ? or * to list all spells.
Aiming: Pain
Press: ? - help, Shift-Dir - straight line, f - orc
Aim: an orc, wielding a flail (heavily wounded, chance to defeat MR: 90%)
The orc writhes in agony!
You kill the orc!
The orc barely misses you. Something hits you but does no damage.
You barely miss the orc. You closely miss something.
The orc hits you but does no damage. Something hits you.
The orc hits you with a short sword. Something hits you.
You hit the orc but do no damage. You closely miss something.
The orc hits you with a short sword. Something hits you.
* * * LOW HITPOINT WARNING * * *
Unknown command.
Things that are here:
a flail; an orc corpse You hear some strange, mumbled words.
A magic dart appears from out of thin air!
The magic dart hits you!
You die...

#..........#
#.....<.#
##.....## ##...##
#. ##'## ...# #.#
.....####.#
........#.##
###.####o@..##
......).{....#
####.###)........
#.#...####
#.#?..# #?....#
###.#.# ...# #


You could see an orc.

Vanquished Creatures
  2 adders
  A dart slug (D:1)
  2 leopard geckos
  2 orcs (D:3)
  2 giant cockroaches
  3 goblins
  A hobgoblin (D:2)
  4 jackals
  6 kobolds
  2 quokkas (D:2)
  4 bats
  3 frilled lizards
  10 rats
42 creatures vanquished.

Vanquished Creatures (collateral kills)
  An orc (D:3)
1 creature vanquished.

Grand Total: 43 creatures vanquished

Notes
Turn   | Place    | Note
-------+----------+-------------------------------------------
     0 | D:1      | dvd the Demonspawn Necromancer began the quest for the Orb.
     0 | D:1      | Reached XP level 1. HP: 13/13 MP: 3/3
   470 | D:1      | Gained mutation: You have sharp fingernails. [demonic ancestry]
   470 | D:1      | Reached XP level 2. HP: 15/19 MP: 0/5
  1000 | D:1      | Reached skill level 5 in Necromancy
  1029 | D:1      | Gained mutation: A weak demonic guardian rushes to your aid. [demonic ancestry]
  1029 | D:1      | Reached XP level 3. HP: 19/24 MP: 0/6
  1106 | D:2      | Learned a level 3 spell: Vampiric Draining
  1299 | D:2      | Found a sparkling altar of Nemelex Xobeh.
  1424 | D:2      | Learned a level 3 spell: Regeneration
  1683 | D:3      | Killed from afar by an orc wizard

Vault maps used:
D:1:      doesnt_arrival_eight_statues
D:2:      nicolae_overflow_crystal_walls

Skill      XL: |  1  2 |
---------------+-------+-----
Necromancy     | 5 |  5.4
Axes           | |  0.1
Dodging        | |  1.9
Stealth        | |  1.9
Spellcasting   | |  2.7

Action                   || total
-------------------------++-------
Melee: Unarmed           ||     2
       Hand axe          ||    40
 Cast: Pain              ||    48
       Vampiric Draining ||     1
       Regeneration      ||     1
  Eat: Chunk             ||     3
Armor: Robe              ||    12
Dodge: Dodged            ||    38
